 Dungeon Crawl Stone Soup version 0.27-a0-1122-g2a214b436d (webtiles) character file.

Game seed: 474000439865831198

9365 BigRedEye the Carver (level 11, -1/96 (97) HPs)
             Began as a Minotaur Fighter on May 2, 2021.
             Was an Elder of Okawaru.
             Slain by an orc warrior
             ... wielding a +0 trident
              (12 damage)
             ... on level 12 of the Dungeon.
             The game lasted 00:29:00 (13768 turns).

BigRedEye the Carver (Minotaur Fighter)            Turns: 13768, Time: 00:29:01

HP:   -1/96 (97)    AC: 19    Str: 23    XL:     11   Next: 22%
MP:   10/10         EV:  6    Int:  5    God:    Okawaru [****..]
Gold: 607           SH: 15    Dex: 11    Spells: 10/10 levels left

rFire    . . .     SeeInvis .   a - +1 long sword (flame)
rCold    . . .     Faith    .   c - +3 kite shield
rNeg     . . .     Spirit   .   o - +1 plate armour
rPois    .         Reflect  .   (helmet restricted)
rElec    .         Harm     .   (no cloak)
rCorr    .         Rampage  .   k - +2 pair of gloves
Will     .....                  (no boots)
Stlth    ..........             (no amulet)
HPRegen  0.26/turn              (no ring)
MPRegen  0.12/turn              (no ring)

@: very slightly contaminated, studying 2 skills, lightly drained, invisible
A: horns 2, retaliatory headbutt
a: Renounce Religion, Heroism


You were on level 12 of the Dungeon.
You worshipped Okawaru.
Okawaru was greatly pleased with you.
You visited 2 branches of the dungeon, and saw 11 of its levels.
You also visited: Bailey.

You collected 607 gold pieces.

Inventory:

Hand Weapons
 a - a +1 long sword of flaming (weapon)
 b - a +0 shortbow
Missiles
 f - 247 stones (quivered)
 j - 126 arrows
 n - 28 sling bullets
 A - 4 atropa-tipped darts
 C - 7 boomerangs of dispersal
Armour
 c - a +3 kite shield (worn)
 k - a +2 pair of gloves (worn)
 o - a +1 plate armour (worn)
 G - a +0 scale mail
Jewellery
 h - a +6 ring of strength
 u - a ring of wizardry
 B - an amulet of the acrobat
Wands
 g - a wand of polymorph (9)
 r - a wand of flame (61)
Scrolls
 d - a scroll of brand weapon
 e - a scroll of teleportation
 l - a scroll of holy word {unknown}
 m - 2 scrolls of noise
 p - a scroll of torment
 q - a scroll of fog
 t - a scroll of immolation
 w - 2 scrolls of enchant weapon
 F - a scroll of amnesia {unknown}
Potions
 i - 4 potions of attraction
 s - 2 potions of invisibility
 x - a potion of haste {unknown}
 D - 2 potions of flight
 E - 2 potions of curing
 H - a potion of degeneration {unknown}


   Skills:
 + Level 9.2 Fighting
 - Level 2.3(8.9) Short Blades
 - Level 14.0 Long Blades
 + Level 11.1 Armour
 - Level 2.1 Dodging
 - Level 0.3 Stealth
 + Level 9.3 Shields


You had 10 spell levels left.
You didn't know any spells.
Your spell library contained the following spells:

 Spells                   Type           Power      Damage    Failure   Level
 Animate Skeleton         Necr           0%         N/A       100%        1
 Pain                     Necr           0%         1d4       100%        1
 Confusing Touch          Hex            0%         N/A       100%        3
 Gell's Gravitas          Tloc           0%         N/A       100%        3
 Vampiric Draining        Necr           0%         2d6       100%        3
 Animate Dead             Necr           0%         N/A       100%        4
 Petrify                  Tmut/Erth      0%         N/A       100%        4
 Agony                    Necr           0%         N/A       100%        5
 Metabolic Englaciation   Hex/Ice        0%         N/A       100%        5
 Yara's Violent Unravell  Hex/Tmut       0%         3d3       100%        5


Dungeon Overview and Level Annotations

Branches:
Dungeon (9/15)             Temple (1/1) D:6          Bailey (visited)
   Lair: D:8-11         Orc: D:9-12

Altars:
Ashenzari
Cheibriados
Dithmenos
Elyvilon
Fedhas
Gozag
Hepliaklqana
Kikubaaqudgha
Makhleb
Nemelex Xobeh
Okawaru
Qazlal
Ru
Sif Muna
Trog
Vehumet
Wu Jian
Xom
Yredelemnul
The Shining One

Shops:
D:5 (

Annotations:
D:3 2 transporters, caleiya's ghost, amateur GrFi
D:8 2 runed translucent doors


Innate Abilities, Weirdness & Mutations

You have a pair of horns on your head.
You reflexively headbutt those who attack you in melee.


Message History

The orc warrior throws a boomerang.
You block the boomerang.
Unknown command.
Unknown command.
The two-headed ogre hits you with a +0 giant spiked club!
The two-headed ogre barely misses you.
An orc wizard comes into view. It is wielding a +0 dagger.
Found a scroll of torment.
Found a rapier.
The orc wizard shouts!
You block the two-headed ogre's attack. The two-headed ogre barely misses you.
The orc wizard casts a spell at you. The magic dart hits you.
The orc warrior throws a boomerang.
You block the boomerang.
The orc wizard points at you and mumbles some strange words.
You are confused.
Found 18 gold pieces.
The two-headed ogre hits you but does no damage.
The two-headed ogre hits you with a +0 giant spiked club!
You slash the two-headed ogre! You burn the two-headed ogre.
The two-headed ogre is moderately wounded.
The orc barely misses you.
The two-headed ogre hits you with a +0 giant spiked club! x2
You are too confused!
You fade into invisibility!
The orc wizard points at you and mumbles some strange words.
The puff of flame hits the orc!
The orc dies!
The orc warrior hits you from afar with a +0 trident!
You are very lightly contaminated with residual magic.
The orc barely misses you.
The two-headed ogre hits you with a +0 giant spiked club!!
* * * LOW HITPOINT WARNING * * *
The two-headed ogre hits you with a +0 giant spiked club!
* * * LOW HITPOINT WARNING * * *
The orc closely misses you.
You are too confused!
You feel less confused. The orc hits you but does no damage.
You feel drained.
The orc warrior hits you with a +0 trident!
You die...

##....................
##.....................
##......................
##.......................
##.......................#
#...........o............#
#...................
#........Oo........
#.......o@........
#.......o...?.....
#.................
#.................
#..........)......
#................$
#.................
.................
..............##


You could see a two-headed ogre, an orc warrior, an orc wizard and 2 orcs.

Vanquished Creatures
  3 two-headed ogres
  A manticore (D:12)
  A gargoyle (D:12)
  A shadow (D:9)
  9 yaks
  A wraith (D:8)
  A steam dragon (D:7)
  A water moccasin (D:9)
  13 orc warriors
  2 sky beasts
  3 necrophages
  4 black bears
  5 ogres
  12 centaurs
  2 bullfrogs
  2 scorpions
  A wyvern skeleton (D:7)
  A water moccasin skeleton (D:5)
  3 killer bees (D:8)
  2 howler monkeys
  3 centaur zombies
  5 orc priests
  2 hounds
  2 jellies
  A gnoll shaman (D:3)
  A centaur skeleton (D:7)
  2 iguanas
  10 orc wizards
  A killer bee zombie (D:8)
  A hound zombie (D:5)
  A howler monkey zombie (D:9)
  7 gnolls
  10 adders
  A howler monkey skeleton (D:6)
  2 shadow imps (D:6)
  2 white imps
  3 adder skeletons
  A worm (D:3)
  5 dart slugs
  52 orcs
  6 ball pythons
  4 endoplasms
  3 giant cockroaches
  8 hobgoblins
  6 jackals
  5 quokkas
  4 bats
  2 frilled lizards
  9 goblins
  6 kobolds
  5 rats
238 creatures vanquished.

Vanquished Creatures (others)
  An orc warrior (Bailey)
  2 orcs
  8 fungi (D:9)
  28 plants
39 creatures vanquished.

Grand Total: 277 creatures vanquished

Notes
Turn   | Place    | Note
-------+----------+-------------------------------------------
     0 | D:1      | BigRedEye the Minotaur Fighter began the quest for the Orb.
     0 | D:1      | Reached XP level 1. HP: 19/19 MP: 0/0
     3 | D:1      | Noticed an electric eel
     4 | D:1      | Noticed an electric eel
   466 | D:1      | Reached XP level 2. HP: 23/27 MP: 1/1
   589 | D:1      | Reached skill level 3 in Long Blades
  1189 | D:2      | Reached XP level 3. HP: 33/33 MP: 2/2
  1720 | D:2      | Reached XP level 4. HP: 40/40 MP: 3/3
  1838 | D:2      | Found a faded altar of an unknown god.
  2006 | D:3      | Reached skill level 4 in Long Blades
  2235 | D:3      | Reached skill level 1 in Dodging
  2325 | D:3      | Noticed caleiya's ghost (amateur GrFi)
  2329 | D:3      | Found a transporter.
  2366 | D:3      | Found a transporter.
  2398 | D:3      | Reached XP level 5. HP: 26/46 MP: 4/4
  2400 | D:3      | Reached skill level 5 in Armour
  2975 | D:3      | Found a stormy altar of Qazlal.
  3167 | D:4      | Found a shadowy altar of Dithmenos.
  3368 | D:4      | Reached XP level 6. HP: 44/53 MP: 5/5
  3458 | D:5      | Entered Level 5 of the Dungeon
  3526 | D:4      | Reached skill level 5 in Long Blades
  3526 | D:4      | Reached skill level 5 in Shields
  3847 | D:4      | Reached XP level 7. HP: 17/60 MP: 6/6
  4118 | D:4      | Reached skill level 6 in Long Blades
  4426 | D:5      | Reached skill level 7 in Long Blades
  4594 | D:5      | Found Zujaob's Antique Weapon Emporium.
  4878 | D:5      | Reached skill level 8 in Long Blades
  4930 | D:5      | Reached XP level 8. HP: 44/67 MP: 7/7
  5080 | D:5      | Reached skill level 9 in Long Blades
  5261 | D:5      | Found a snail-covered altar of Cheibriados.
  5389 | D:6      | Found an opulent altar of Gozag.
  5467 | D:6      | Noticed an angel
  5613 | D:6      | Found a staircase to the Ecumenical Temple.
  5636 | D:6      | Reached skill level 10 in Long Blades
  6016 | D:6      | Noticed a rust devil
  6235 | D:6      | Reached skill level 11 in Long Blades
  6711 | Temple   | Entered the Ecumenical Temple
  6787 | Temple   | Became a worshipper of Warmaster Okawaru
  6843 | D:7      | Found a shimmering altar of Xom.
  6857 | D:7      | Reached skill level 12 in Long Blades
  6857 | D:7      | Reached XP level 9. HP: 72/72 MP: 8/8
  6888 | D:7      | Reached * piety under Okawaru
  6894 | D:7      | Reached skill level 13 in Long Blades
  6921 | D:7      | Found a sacrificial altar of Ru.
  7703 | D:7      | Reached skill level 14 in Long Blades
  7703 | D:7      | Reached skill level 1 in Short Blades
  7845 | D:7      | Reached skill level 5 in Fighting
  8349 | D:8      | Found a broken altar of Ashenzari.
  8357 | D:8      | Found a flagged portal.
  8374 | D:8      | Reached ** piety under Okawaru
  8384 | D:8      | Reached XP level 10. HP: 46/83 MP: 9/9
  8492 | Bailey   | Entered a bailey
 11988 | D:8      | Found a runed translucent door.
 12023 | D:8      | Noticed a two-headed ogre
 12035 | D:8      | Killed a two-headed ogre
 12035 | D:8      | Reached *** piety under Okawaru
 12476 | D:8      | Identified the +4 quarterstaff "Ovoucyla" {vorpal, rN+
                  | rCorr Int+5 Dex-5}
 12634 | D:8      | Found a runed translucent door.
 13169 | D:9      | Reached skill level 10 in Armour
 13190 | D:9      | Noticed a two-headed ogre
 13201 | D:9      | Killed a two-headed ogre
 13201 | D:9      | Reached **** piety under Okawaru
 13202 | D:9      | Reached XP level 11. HP: 58/95 MP: 10/10
 13369 | D:9      | You fall into a shaft and drop 3 floors!
 13381 | D:12     | Noticed a two-headed ogre
 13389 | D:12     | Killed a two-headed ogre
 13737 | D:12     | Noticed a two-headed ogre
 13768 | D:12     | Slain by an orc warrior

Illustrated notes

Levels and vault maps discovered:
D:1:      arrival_aquarium_b, layout_basic
D:2:      layout_loops_cross, hellmonk_ecumenical_altar_lost_god,
          skrybe_limestone_x, mrwooster_statue_mirror
D:3:      layout_basic, nicolae_qazlal_eye_of_the_storm, gammafunk_ghost_arena
D:4:      layout_basic, nicolae_dithmenos_shadow_blocks
D:5:      layout_rooms, kennysheep_slug_shrine, serial_shops,
          nicolae_shop_waterfront
D:6:      layout_gridville, nicolae_gozag_cash_rules_everything_around_me,
          temple_garden, chequers_serial_rivers_room_b, minmay_manual_mullet
D:7:      layout_gridville, kennysheep_mini_moat, nicolae_ru_path_of_blood
D:8:      lemuel_insect_pit, layout_loops_cross, lemuel_crystal_altar,
          enter_bailey_8
D:9:      layout_cave_pools, amcnicky_altar_gilded,
          grunt_lair_entry_orc_guard_hut, gammafunk_ghost_stat_death,
          grunt_ministairs_4
D:12:     layout_big_octagon, ebering_ghost_rock_garden
Temple:   dshaligram_water_room_temple

Skill      XL: |  1  2  3  4  5  6  7  8  9 10 11 |
---------------+----------------------------------+-----
Long Blades    | 3 4 5 8 12 14 | 14.0
Shields        | 4 5 8 9 |  9.3
Armour         | 4 5 6 10 11 | 11.1
Fighting       | 4 5 8 9 |  9.2
Dodging        | 1 2 |  2.1
Short Blades   | 2 |  2.3
Stealth        | |  0.3

Action                   |  1- 3 |  4- 6 |  7- 9 | 10-12 || total
-------------------------+-------+-------+-------+-------++-------
Melee: Long sword        |    88 |   131 |   316 |   307 ||   842
       Headbutt          |    14 |    26 |    78 |    76 ||   194
 Fire: Shortbow          |       |       |       |    28 ||    28
  Use: Potion            |       |     1 |       |     4 ||     5
       Scroll            |       |       |    12 |     7 ||    19
Armor: Scale mail        |    50 |       |       |       ||    50
       Plate armour      |       |   116 |   234 |   279 ||   629
Dodge: Dodged            |    28 |    41 |    90 |   156 ||   315
Block: Kite shield       |    56 |    71 |   189 |   260 ||   576
       Rpst.: Long sword |    13 |    10 |    25 |    15 ||    63

Table legend: (Time is in decaauts)
 A = Elapsed time spent in this place.
 B = Non-inter-level travel time spent in this place.
 C = Inter-level travel time spent in this place.
 D = Time resting spent in this place.
 E = Time spent auto-exploring this place.
 F = Levels seen in this place.
 G = Mean time per level.
                   A        B        C        D        E       F      G
               +--------+--------+--------+--------+--------+-----+--------+
         Total |  13895 |  13551 |    344 |   5089 |   5577 |  12 | 1157.9 |
       Dungeon |  10400 |  10078 |    322 |   3120 |   5116 |  10 | 1040.0 |
        Temple |     92 |     71 |     21 |      0 |     69 |   1 |   92.0 |
        Bailey |   3402 |   3402 |      0 |   1969 |    392 |   1 | 3402.0 |
               +--------+--------+--------+--------+--------+-----+--------+

Top non-repeatable levels by time:
  Bailey: 3402 daAuts
     D:3: 1463 daAuts
     D:7: 1413 daAuts
     D:6: 1360 daAuts
     D:1: 1186 daAuts
     D:4: 1114 daAuts
     D:8: 1108 daAuts
     D:5: 939 daAuts
     D:2: 819 daAuts
     D:9: 601 daAuts
    D:12: 393 daAuts
  Temple: 92 daAuts
